 Dungeon Crawl Stone Soup version 0.31-a0-986-g5e6e4ef867 (webtiles) character file.

Game seed: 617706788646445763

170 wildpjah the Slasher (level 5, -4/36 (40) HPs)
             Began as a Merfolk Gladiator on Nov 18, 2023.
             Slain by a wight
             ... wielding a +0 long sword
              (7 damage)
             ... on level 3 of the Dungeon.
             The game lasted 00:04:07 (1836 turns).

wildpjah the Slasher (Merfolk Gladiator)            Turns: 1836, Time: 00:04:08

HP:   -4/36 (40)    AC:  7    Str: 15    XL:     5   Next: 51%
MP:   5/5           EV: 14    Int:  7    God:
Gold: 132           SH:  0    Dex: 17    Spells: 4/4 levels left

rFire   . . .        w - +2 dagger (venom)
rCold   . . .        (no shield)
rNeg    . . .        b - +0 leather armour
rPois   +            c - +0 helmet
rElec   .            (no cloak)
rCorr   .            (no gloves)
SInv    .            g - +2 pair of boots
Will    .....        (no amulet)
Stlth   +            f - ring of poison resistance
HPRegen 0.26/turn    (no ring)
MPRegen 0.09/turn

%: no passive effects
@: heavily drained
A: (nimble swimmer 2), mertail
a: no special abilities


You were on level 3 of the Dungeon.
You visited 1 branch of the dungeon, and saw 3 of its levels.

You collected 132 gold pieces.

Inventory:

Hand Weapons
 a - a +0 long sword
 w - a +2 dagger of venom (weapon)
Missiles
 d - 3 throwing nets (quivered)
 e - a javelin
Armour
 b - a +0 leather armour (worn)
 c - a +0 helmet (worn)
 g - a +2 pair of boots (worn)
Jewellery
 f - a ring of poison resistance (left hand)
 r - a ring of willpower
Scrolls
 h - a scroll of amnesia {unknown}
 j - a scroll of immolation {unknown}
 k - a scroll of acquirement {unknown}
 l - a scroll of vulnerability {unknown}
 m - a scroll of noise {unknown}
 n - 2 scrolls of butterflies {unknown}
 p - 2 scrolls of identify {unknown}
 q - 2 scrolls of enchant weapon {unknown}
 u - a scroll of teleportation {unknown}
Potions
 i - a potion of curing {unknown}
 o - a potion of degeneration {unknown}
 s - a potion of might {unknown}
 t - a potion of mutation {unknown}
 v - a potion of lignification {unknown}
 x - a potion of invisibility {unknown}


   Skills:
 * Level 2.8 Fighting
 + Level 0.7(3.4) Short Blades
 * Level 5.5 Long Blades
 + Level 2.0 Throwing
 + Level 1.1 Armour
 * Level 5.2 Dodging
 + Level 0.4 Stealth


You had 4 spell levels left.
You didn't know any spells.
Your spell library contained the following spells:

 Spells                   Type           Power      Damage    Failure   Level
 Cigotuvi's Dreadful Rot  Necr/Pois/Air  0%         N/A       65%         2
 Ensorcelled Hibernation  Hex/Ice        0%         N/A       65%         2
 Passwall                 Tmut/Erth      0%         N/A       65%         2
 Ignite Poison            Fire/Tmut/Pois 0%         N/A       86%         3
 Swiftness                Air            0%         N/A       86%         3
 Freezing Cloud           Conj/Ice/Air   0%         6-21      100%        5


Dungeon Overview and Level Annotations

Branches:
Dungeon (3/15)

Altars:

Shops:
D:1 *


Innate Abilities, Weirdness & Mutations

((You are very nimble when in or above water. (Stealth+, EV+, Speed+++)))
Your lower body shifts to a powerful aquatic tail in water.


Message History

Your Armour skill increases to level 1!
Your Dodging skill increases to level 5!
You have reached level 5!
You feel stronger.
You hit the wight but do no damage. The wight barely misses you.
You hit the wight but do no damage. The wight completely misses you.
You hit the wight but do no damage. The wight misses you.
You hit the wight.
The wight is lightly damaged.
The wight hits you with a +0 long sword.
You hit the wight but do no damage.
The wight is lightly damaged.
You hit the wight.
The wight is lightly damaged.
The wight misses you.
You closely miss the wight.
The wight is lightly damaged.
The wight completely misses you.
You hit the wight.
The wight is lightly damaged.
The wight hits you with a +0 long sword.
You hit the wight.
The wight is heavily damaged.
The wight closely misses you.
You hit the wight.
The wight is heavily damaged.
You hit the wight but do no damage.
The wight is heavily damaged.
The wight hits you with a +0 long sword.
You feel drained.
You hit the wight.
The wight is almost destroyed.
The wight hits you with a +0 long sword!
* * * LOW HITPOINT WARNING * * *
You feel drained.
* * * LOW HITPOINT WARNING * * *
You closely miss the wight.
The wight is almost destroyed.
The wight hits you with a +0 long sword!
You die...

.........)#......# +..#....#
..........#.....#########.#.####
..........#.....#....../#.#.#
.....######.....'...Y../#.#.#
........# #.....#..S.z.$#.#.#
#####...# #....r#########...#
#####...####..#..#.....'....#
....#...##...###z#.....#....#
###.....##.#####@#######.#### #
#....##..##.....#...#..# #
#....##.###.....##†##.## #
#.#####.# #†.....#'#..# #
#.###...# #...........# #
#.##..### #...#######.# #
#.##.######...# #.# #
#.............# #.#
#####.######.#### #.#


You could see a wight and a rat.

Vanquished Creatures
  An ice beast (D:3)
  2 adders
  A dart slug (D:1)
  2 orcs (D:3)
  5 ball pythons
  2 endoplasms
  3 giant cockroaches (D:1)
  5 goblins
  5 hobgoblins
  2 jackals (D:2)
  3 quokkas (D:3)
  8 bats
  2 frilled lizards
  5 kobolds
  6 rats
52 creatures vanquished.

Notes
Turn   | Place    | Note
-------+----------+-------------------------------------------
     0 | D:1      | wildpjah the Merfolk Gladiator began the quest for the Orb.
     0 | D:1      | Reached XP level 1. HP: 16/16 MP: 1/1
    95 | D:1      | Reached XP level 2. HP: 22/22 MP: 2/2
   121 | D:1      | Found Couraul's Assorted Antiques.
   587 | D:1      | Reached XP level 3. HP: 28/28 MP: 3/3
  1021 | D:2      | Identified the +4 hammer of Luerobou {venom, rF++ Int+3
                  | Dex+3}
  1345 | D:3      | Found a faded altar of an unknown god.
  1346 | D:3      | Noticed a shining eye
  1349 | D:3      | Noticed a great orb of eyes
  1366 | D:3      | Noticed a golden eye
  1366 | D:3      | Noticed a golden eye
  1421 | D:3      | Reached XP level 4. HP: 33/34 MP: 4/4
  1798 | D:3      | Noticed an ice beast
  1823 | D:3      | Killed an ice beast
  1824 | D:3      | Reached skill level 5 in Long Blades
  1824 | D:3      | Reached skill level 1 in Armour
  1824 | D:3      | Reached skill level 5 in Dodging
  1824 | D:3      | Reached XP level 5. HP: 26/40 MP: 5/5
  1836 | D:3      | Slain by a wight

Illustrated notes

Levels and vault maps discovered:
D:1:      dpeg_arrival_subterranean_lakeside_camping, layout_basic,
          serial_shops, nicolae_shop_trees
D:2:      layout_rooms, uniq_crazy_yiuf_cottage
D:3:      layout_basic, tso_oasis_becter,
          hellmonk_ecumenical_altar_watching_god, minmay_divided_ellipse

Skill      XL: |  1  2  3  4 |
---------------+-------------+-----
Long Blades    | 4 5 |  5.5
Armour         | 1 |  1.1
Dodging        | 5 |  5.2
Fighting       | |  2.8
Short Blades   | |  0.7
Throwing       | |  2.0
Stealth        | |  0.4

Action                     |  1- 3 |  4- 6 || total
---------------------------+-------+-------++-------
  Melee: Long sword        |   112 |    19 ||   131
         Punch             |     1 |       ||     1
         Dagger            |       |    61 ||    61
 Armour: Leather armour    |    57 |    36 ||    93
  Dodge: Dodged            |   114 |    56 ||   170

Table legend: (Time is in decaauts)
 A = Elapsed time spent in this place.
 B = Non-inter-level travel time spent in this place.
 C = Inter-level travel time spent in this place.
 D = Time resting spent in this place.
 E = Time spent auto-exploring this place.
 F = Levels seen in this place.
 G = Mean time per level.
                   A        B        C        D        E       F      G
               +--------+--------+--------+--------+--------+-----+--------+
         Total |   1849 |   1791 |     58 |      0 |   1353 |   3 |  616.3 |
       Dungeon |   1849 |   1791 |     58 |      0 |   1353 |   3 |  616.3 |
               +--------+--------+--------+--------+--------+-----+--------+

Top non-repeatable levels by time:
     D:1: 977 daAuts
     D:3: 491 daAuts
     D:2: 380 daAuts
